 Dungeon Crawl Stone Soup version 0.28-a0-178-ga708605c5b (webtiles) character file.

Game seed: 97861249836957603

1769 theanonym the Skirmisher (level 8, -8/68 HPs)
             Began as a Mummy Brigand on Aug 17, 2021.
             Was an Initiate of Gozag.
             Mangled by an ogre (12 damage)
             ... on level 5 of the Dungeon.
             The game lasted 00:12:50 (11644 turns).

theanonym the Skirmisher (Mummy Brigand)           Turns: 11644, Time: 00:12:51

Health: -8/68      AC: 12    Str: 16    XL:     8   Next: 80%
Magic:  8/8        EV:  4    Int: 11    God:    Gozag
Gold:   262        SH:  0    Dex: 13    Spells: 7/7 levels left

rFire   x . .      SeeInvis .   n - +0 long sword
rCold   + . .      Faith    .   (no shield)
rNeg    + + +      Spirit   .   k - +0 plate armour
rPois   ∞          Reflect  .   (no helmet)
rElec   .          Harm     .   c - +0 cloak
rCorr   .          Rampage  .   (no gloves)
Will    +....                   f - +0 pair of boots
Stlth   ..........              (no amulet)
HPRegen 0.21/turn               (no ring)
MPRegen 0.11/turn               (no ring)

@: no status effects
A: cold resistance 1, negative energy resistance 3, torment resistance 2, heat
vulnerability 1, no potions
a: Renounce Religion, Potion Petition, Call Merchant, Bribe Branch


Innate Abilities, Weirdness & Mutations

You are immune to poison.
Your flesh is cold resistant. (rC+)
You are immune to negative energy. (rN+++)
You are immune to unholy pain and torment.
You are vulnerable to heat. (rF-)
You do not drink.


   Skills:
 + Level 7.6 Fighting
 - Level 1.5(4.7) Short Blades
 * Level 7.1(7.2) Long Blades
 - Level 1.5 Throwing
 - Level 0.7 Dodging
 - Level 3.2 Stealth


You had 7 spell levels left.
You didn't know any spells.
Your spell library contained the following spells:

 Spells                   Type           Power      Damage    Failure   Level
 Shock                    Conj/Air       0%         1d3       100%        1
 Stone Arrow              Conj/Erth      0%         3d7       100%        3
 Swiftness                Air            0%         N/A       100%        3
 Airstrike                Air            0%         N/A       100%        4
 Bolt of Magma            Conj/Fire/Erth 0%         4d4       100%        5
 Shatter                  Erth           0%         3d5*      100%        9

Skill      XL: |  1  2  3  4  5  6  7  8 |
---------------+-------------------------+-----
Fighting       | 3 4 5 6 7 |  7.6
Long Blades    | 1 2 3 5 7 |  7.1
Short Blades   | |  1.5
Throwing       | |  1.5
Dodging        | |  0.7
Stealth        | |  3.2

Action                   |  1- 3 |  4- 6 |  7- 9 || total
-------------------------+-------+-------+-------++-------
Melee: Dagger            |   120 |    22 |       ||   142
       Falchion          |       |   257 |   427 ||   684
       Long sword        |       |       |    28 ||    28
Throw: Dart              |     2 |    19 |    39 ||    60
Evoke: Wand              |       |     5 |     5 ||    10
 Stab: Sleeping          |     3 |     1 |       ||     4
Armor: Robe              |    29 |       |       ||    29
       Leather armour    |     8 |     7 |       ||    15
       Plate armour      |       |   232 |   371 ||   603
Dodge: Dodged            |    76 |    66 |    94 ||   236
       Rpst.: Falchion   |       |    19 |    16 ||    35
       Long sword        |       |       |     4 ||     4

Inventory:

Hand Weapons
 n - a +0 long sword (weapon)
Missiles
 e - a curare-tipped dart
 j - 17 poisoned darts (quivered)
Armour
 c - a +0 cloak (worn)
 f - a +0 pair of boots (worn)
 k - a +0 plate armour (worn)
Wands
 b - a wand of paralysis (5)
 d - a wand of digging (1)
Scrolls
 a - a scroll of enchant weapon {unknown}
 g - a scroll of teleportation {unknown}
 h - a scroll of enchant armour {unknown}
 i - 2 scrolls of torment {unknown}
 l - a scroll of vulnerability {unknown}
 m - a scroll of noise {unknown}


You were on level 5 of the Dungeon.
You worshipped Gozag.
Gozag was aware of your devotion.
You visited 2 branches of the dungeon, and saw 7 of its levels.

You collected 343 gold pieces.
You paid 81 gold pieces to Gozag.

Dungeon Overview and Level Annotations

Branches:
Dungeon (6/15)             Temple (1/1) D:5

Altars:
Ashenzari
Cheibriados
Fedhas
Gozag
Hepliaklqana
Kikubaaqudgha
Okawaru
Ru
Trog
Uskayaw
Vehumet
Wu Jian
Xom
Yredelemnul
Zin
The Shining One

Shops:
D:6

* ##########
#.........
#.######## #.#
###########.########
#.O@................
#o########..#####..#
#.# #.## #..# #o#
#.# #... #(# #.#
##.# ##.# #.# #.#
#..# #.#######.#
#>## #......)..# #.#
#.#######..


You could see an ogre (poisoned) and an orc.

Notes
Turn   | Place    | Note
-------+----------+-------------------------------------------
     0 | D:1      | theanonym the Mummy Brigand began the quest for the Orb.
     0 | D:1      | Reached XP level 1. HP: 16/16 MP: 1/1
     1 | D:1      | Found a faded altar of an unknown god.
   148 | D:1      | HP: 6/17 [jackal (3)]
   152 | D:1      | Reached XP level 2. HP: 8/23 MP: 2/2
   159 | D:1      | HP: 7/23 [jackal (1)]
   163 | D:1      | HP: 3/23 [jackal (3)]
   165 | D:1      | Reached skill level 3 in Fighting
   499 | D:1      | HP: 10/24 [hobgoblin (6)]
  1003 | D:2      | Reached XP level 3. HP: 19/29 MP: 3/3
  1005 | D:2      | HP: 12/29 [quokka (3)]
  2018 | D:2      | Reached skill level 4 in Fighting
  2018 | D:2      | Reached XP level 4. HP: 24/38 MP: 4/4
  2588 | D:3      | Noticed Natasha
  2599 | D:3      | Killed Natasha
  2600 | D:3      | Reached skill level 1 in Long Blades
  2806 | D:3      | Noticed Natasha
  2846 | D:2      | Reached XP level 5. HP: 31/43 MP: 5/5
  2938 | D:2      | Killed Natasha
  3242 | D:2      | Noticed Natasha
  3256 | D:2      | HP: 18/43 [Natasha (4)]
  3508 | D:2      | Killed Natasha
  3509 | D:2      | Reached skill level 5 in Fighting
  3509 | D:2      | Reached skill level 2 in Long Blades
  4159 | D:3      | Noticed Ijyb
  4431 | D:3      | HP: 21/44 [Ijyb (3)]
  4436 | D:3      | HP: 11/44 [Ijyb (2)]
  4445 | D:3      | Killed Ijyb
  4452 | D:3      | HP: 11/44 [constriction (1)]
  4519 | D:3      | HP: 18/44 [orc priest (2)]
  4525 | D:3      | Reached XP level 6. HP: 17/51 MP: 6/6
  4543 | D:3      | HP: 20/51 [orc (1)]
  4859 | D:3      | HP: 23/51 [worm (4)]
  4861 | D:3      | HP: 8/51 [hobgoblin (6)]
  4901 | D:3      | HP: 13/51 [hobgoblin (2)]
  5173 | D:3      | Noticed Grinder
  5188 | D:3      | Paralysed by Grinder for 7 turns
  5210 | D:3      | HP: 25/51 [Grinder (8)]
  5215 | D:3      | HP: 23/51 [Grinder (3)]
  5218 | D:3      | Paralysed by Grinder for 7 turns
  5232 | D:3      | HP: 12/51 [Grinder (8)]
  5236 | D:3      | Paralysed by Grinder for 4 turns
  5238 | D:3      | HP: 5/51 [Grinder (8)]
  5243 | D:3      | Killed Grinder
  5244 | D:3      | Reached skill level 3 in Long Blades
  5528 | D:3      | Found a bloodstained altar of Trog.
  5528 | D:3      | Found a radiant altar of Vehumet.
  5541 | D:3      | Found a basalt altar of Yredelemnul.
  5544 | D:3      | Found a broken altar of Ashenzari.
  5816 | D:3      | HP: 25/52 [goblin/stone (5)]
  6055 | D:3      | Reached XP level 7. HP: 44/57 MP: 7/7
  6062 | D:3      | HP: 27/57 [hobgoblin (4)]
  6068 | D:3      | Reached skill level 4 in Long Blades
  6069 | D:3      | HP: 25/57 [hobgoblin (2)]
  6077 | D:3      | HP: 22/57 [hobgoblin (4)]
  6087 | D:3      | HP: 20/57 [hobgoblin (1)]
  6420 | D:3      | HP: 27/57 [gnoll (2)]
  6427 | D:3      | HP: 27/57 [kobold/stone (2)]
  6614 | D:2      | HP: 21/57 [gnoll (9)]
  7601 | D:3      | Reached skill level 6 in Fighting
  7887 | D:4      | Found an ornate altar of the Wu Jian Council.
  7903 | D:4      | HP: 25/58 [iguana (5)]
  7908 | D:4      | HP: 20/58 [hobgoblin (2)]
  8180 | D:4      | Reached skill level 5 in Long Blades
  8275 | D:4      | Noticed Blork the orc
  8289 | D:4      | HP: 24/59 [Blork the orc/puff of flame (16)]
  8292 | D:4      | Killed Blork the orc
  8944 | D:4      | You fall into a shaft and drop 1 floor!
  8944 | D:5      | Entered Level 5 of the Dungeon
  9114 | D:5      | HP: 29/59 [iguana (9)]
  9116 | D:5      | Reached XP level 8. HP: 33/65 MP: 8/8
  9424 | D:5      | HP: 30/65 [white imp/puff of frost (4)]
  9429 | D:5      | HP: 15/65 [white imp (1)]
  9738 | D:5      | Reached skill level 6 in Long Blades
 10018 | D:5      | Reached skill level 7 in Fighting
 10360 | D:5      | HP: 29/67 [ogre (13)]
 10364 | D:5      | HP: 11/67 [ogre (19)]
 10966 | D:5      | Found a staircase to the Ecumenical Temple.
 10975 | Temple   | Entered the Ecumenical Temple
 10982 | Temple   | Became a worshipper of Gozag Ym Sagoz the Greedy
 11243 | D:6      | Found Laem's Luxury Loot.
 11261 | D:5      | HP: 32/67 [iguana (10)]
 11437 | D:6      | Reached skill level 7 in Long Blades
 11635 | D:5      | HP: 28/68 [ogre (16)]
 11639 | D:5      | HP: 3/68 [ogre (23)]
 11644 | D:5      | Mangled by an ogre

Vanquished Creatures
  Grinder (D:3)
  2 ice beasts (D:5)
  A black bear (D:6)
  A necrophage (D:4)
  3 ogres
  A centaur (D:6)
  Blork the orc (D:4)
  2 centaur zombies (D:5)
  An orc priest (D:3)
  4 hounds
  A jelly (D:5)
  4 iguanas
  Ijyb (D:3)
  Natasha (thrice) (D:3 D:2)
  A scorpion zombie (D:5)
  An orc wizard (D:5)
  10 gnolls
  A howler monkey skeleton (D:5)
  5 adders
  2 white imps (D:5)
  An ufetubus (D:5)
  An adder skeleton (D:4)
  A worm (D:3)
  A dart slug (D:3)
  14 orcs
  2 bats (D:1)
  5 endoplasms
  5 giant cockroaches
  42 goblins
  21 hobgoblins
  8 jackals
  9 kobolds
  4 quokkas
  6 ball pythons
  4 frilled lizards
  A rat (D:1)
171 creatures vanquished.

Vanquished Creatures (others)
  3 withered plants (D:1)
3 creatures vanquished.

Grand Total: 174 creatures vanquished

Table legend: (Time is in decaauts)
 A = Elapsed time spent in this place.
 B = Non-inter-level travel time spent in this place.
 C = Inter-level travel time spent in this place.
 D = Time resting spent in this place.
 E = Time spent auto-exploring this place.
 F = Levels seen in this place.
 G = Mean time per level.
                   A        B        C        D        E       F      G
               +--------+--------+--------+--------+--------+-----+--------+
         Total |  11711 |  11444 |    267 |   5426 |   4235 |   7 | 1673.0 |
       Dungeon |  11696 |  11436 |    260 |   5426 |   4235 |   6 | 1949.3 |
        Temple |     14 |      7 |      7 |      0 |      0 |   1 |   14.0 |
               +--------+--------+--------+--------+--------+-----+--------+

Top non-repeatable levels by time:
     D:3: 3477 daAuts
     D:2: 3051 daAuts
     D:5: 2388 daAuts
     D:4: 1393 daAuts
     D:1: 1168 daAuts
     D:6: 217 daAuts
  Temple: 14 daAuts
